 Dungeon Crawl Stone Soup version 0.28-a0-476-g0f06bd746f (webtiles) character file.

Game seed: 12449966916506809243

61079 timneilson the Protected (level 15, -16/92 HPs)
             Began as a Gargoyle Fighter on Sept 17, 2021.
             Was the Champion of Okawaru.
             Killed from afar by a crystal guardian (49 damage)
             ... with a crystal bolt
             ... on level 12 of the Dungeon.
             The game lasted 00:44:30 (23289 turns).

timneilson the Protected (Gargoyle Fighter)        Turns: 23289, Time: 00:44:30

Health: -16/92     AC: 54    Str: 29    XL:     15   Next: 1%
Magic:  16/22      EV:  9    Int: 11    God:    Okawaru [******]
Gold:   1949       SH: 19    Dex:  9    Spells: 14/14 levels left

rFire   + . .      SeeInvis .   G - +9 double sword of the Leaping Seer {venom, Fly rElec Int+2}
rCold   . . .      Faith    .   s - +0 tower shield {reflect}
rNeg    + + .      Spirit   .   N - +27 Lear's hauberk
rPois   ∞          Reflect  +   (helmet currently unavailable)
rElec   +          Harm     .   t - +0 cloak
rCorr   .          Rampage  .   (gloves currently unavailable)
Will    +....                   (boots currently unavailable)
Stlth   ..........              h - amulet of the acrobat
HPRegen 0.25/turn               I - ring "Orocupy Vovi" {rN+ Str+3}
MPRegen 0.18/turn               m - ring of protection from fire

@: heroic, finesse-ful, flying
A: sickness immunity, AC +11, big wings, negative energy resistance 1,
electricity resistance, torment resistance 1, petrification resistance
a: Renounce Religion, Heroism, Finesse, Duel


You were on level 12 of the Dungeon.
You worshipped Okawaru.
Okawaru was exalted by your worship.
You visited 3 branches of the dungeon, and saw 19 of its levels.

You collected 1949 gold pieces.

Inventory:

Hand Weapons
 x - a +2 scimitar of flaming
 z - a +0 scimitar of electrocution
 G - the +9 double sword of the Leaping Seer (weapon) {venom, Fly rElec Int+2}
   (Okawaru gifted it to you on level 3 of the Lair of Beasts)

   It poisons the flesh of those it strikes.
   Int:       It affects your intelligence (+2).
   rElec:     It insulates you from electricity.
   Fly:       It grants you flight.
Armour
 p - a +2 helmet of intelligence
 s - a +0 tower shield of reflection (worn)
 t - a +0 cloak (worn)
 A - a +0 plate armour
 N - the +27 Lear's hauberk (worn)
   (You found it on level 6 of the Lair of Beasts)
Jewellery
 g - a +6 ring of dexterity
 h - an amulet of the acrobat (around neck)
 l - a ring of ice
 m - a ring of protection from fire (right hand)
 F - a +4 ring of protection
 I - the ring "Orocupy Vovi" (left hand) {rN+ Str+3}
   (You acquired it on level 3 of the Lair of Beasts)

   [ring of positive energy]

   Str:       It affects your strength (+3).
   rN:        It protects you from negative energy.
Wands
 k - a wand of flame (65)
 q - a wand of mindburst (30)
 w - a wand of polymorph (20)
 B - a wand of digging (2)
 C - a wand of paralysis (9)
 H - a wand of iceblast (26)
 M - a wand of acid (6)
Scrolls
 a - 2 scrolls of amnesia
 b - 10 scrolls of identify
 c - 3 scrolls of magic mapping
 i - 5 scrolls of fear
 j - 3 scrolls of enchant weapon
 n - 13 scrolls of teleportation
 v - a scroll of blinking
 y - a scroll of fog
 D - 3 scrolls of immolation
 E - a scroll of silence
Potions
 d - 7 potions of ambrosia
 e - 3 potions of curing
 f - 2 potions of lignification
 o - a potion of flight
 r - 2 potions of cancellation
 u - a potion of magic
 J - a potion of resistance
 L - a potion of invisibility
 O - a potion of brilliance
Miscellaneous
 K - a condenser vane


   Skills:
 + Level 10.3(15.3) Fighting
 * Level 11.5(16.5) Long Blades
 * Level 13.6(18.6) Armour
 * Level 13.5(18.5) Shields
 + Level 9.6 Invocations
 + Level 8.1 Evocations


You had 14 spell levels left.
You didn't know any spells.
Your spell library contained the following spells:

 Spells                   Type           Power      Damage    Failure   Level
 Foxfire                  Conj/Fire      0%         2x1d4     94%         1
 Pain                     Necr           0%         1d4       94%         1
 Wereblood                Tmut           0%         N/A       98%         2
 Conjure Flame            Conj/Fire      0%         6-21      100%        3
 Inner Flame              Hex/Fire       0%         N/A       100%        3
 Ozocubu's Armour         Ice            0%         N/A       100%        3
 Cause Fear               Hex            0%         N/A       100%        4
 Flame Wave               Conj/Fire      0%         3d3       100%        4
 Fulminant Prism          Conj/Hex       0%         3d6       100%        4
 Iskenderun's Mystic Bla  Conj/Tloc      0%         2d3       100%        4
 Passage of Golubria      Tloc           N/A        N/A       100%        4
 Agony                    Necr           0%         N/A       100%        5
 Excruciating Wounds      Necr           0%         N/A       100%        5
 Lee's Rapid Deconstruct  Erth           0%         3d5*      100%        5
 Metabolic Englaciation   Hex/Ice        0%         N/A       100%        5
 Yara's Violent Unravell  Hex/Tmut       0%         3d3       100%        5
 Conjure Ball Lightning   Conj/Air       0%         3x3d6     100%        6
 Discord                  Hex            0%         N/A       100%        8
 Disjunction              Tloc           0%         N/A       100%        8
 Sublimation of Blood     Necr           Unusable   N/A       N/A         2
 Tukima's Dance           Hex            Unusable   N/A       N/A         3
 Simulacrum               Ice/Necr       Unusable   N/A       N/A         6
 Summon Hydra             Summ           Unusable   N/A       N/A         7

Dungeon Overview and Level Annotations

Branches:
Dungeon (12/15)            Temple (1/1) D:6            Lair (6/6) D:11
  Swamp (0/4) Lair:4        Snake (0/4) Lair:2        Slime (0/5) Lair:5
    Orc: D:9-12

Altars:
Ashenzari
Cheibriados
Dithmenos
Elyvilon
Fedhas
Gozag
Hepliaklqana
Kikubaaqudgha
Makhleb
Nemelex Xobeh
Okawaru
Qazlal
Ru
Sif Muna
Trog
Uskayaw
Vehumet
Wu Jian
Xom
Yredelemnul
Zin
The Shining One
Jiyva

Shops:
D:7 *   D:9 (

Annotations:
D:10 exclusion: obsidian statue
Lair:4 exclusion: oklob plant


Innate Abilities, Weirdness & Mutations

You are immune to sickness and miasma.
Your stone body is resilient. (AC +11)
You are immune to poison.
Your large and strong wings let you fly.
You resist negative energy. (rN+)
You are resistant to electric shocks. (rElec)
You are resistant to unholy torment.
You are immune to petrification.


Message History

The cyclops is severely wounded.
The crystal guardian fires a crystalline bolt at you.
The crystal bolt burns you but does no damage.
You slash the crystal guardian!
The crystal guardian is lightly damaged.
You hit the crystal guardian but do no damage.
The crystal guardian is lightly damaged.
You block the cyclops's attack. The crystal guardian hits you.
You hit the crystal guardian but do no damage.
The crystal guardian is lightly damaged.
You slash the crystal guardian!
The crystal guardian is moderately damaged.
You hit the crystal guardian but do no damage.
The crystal guardian is moderately damaged.
The crystal guardian hits you! The cyclops hits you!
You hit the crystal guardian but do no damage.
The crystal guardian is moderately damaged.
Unknown command.
You hit the crystal guardian.
The crystal guardian is moderately damaged.
The crystal guardian hits you but does no damage.
You hit the crystal guardian but do no damage.
The crystal guardian is moderately damaged.
You are no longer corroded.
You slash the crystal guardian!
The crystal guardian is heavily damaged.
You hit the crystal guardian but do no damage.
The crystal guardian is heavily damaged.
The crystal guardian fires a crystalline bolt at you.
The crystal bolt burns you! You resist. The crystal bolt misses you.
The crystal bolt burns the crystal guardian.
The crystal guardian completely resists.
You hit the crystal guardian but do no damage.
The crystal guardian is heavily damaged.
You slice the crystal guardian!!
The crystal guardian is severely damaged.
The crystal guardian fires a crystalline bolt at you.
The crystal bolt freezes you!!!
Ouch! That really hurt!
You die...

...#######...#######............(
...#...(.))........#.............
...#.♣♣♣♣♣...♣♣♣♣♣ #..........[..
...# ♣.♣.♣ #.............
...#.♣♣♣♣♣...♣♣♣♣♣.#.............
...#...............#.............
.).########.########.............
...# #........#............. ...#
######@♣.#........).... ##.#
+$..#9♣ #.....##...... ##.#
#..[C♣ #............. ...#
.####...#(....###..... ##.# .##
#####............. #..# ♣♣♣♣ ^)
#.....###..... #..#♣♣♣..♣♣.
#.....###..... ...#.♣.♣.♣.♣
#..#........## ##.#♣.♣♣†♣.♣
#.....###.#.#.


You could see a crystal guardian and a cyclops.

Vanquished Creatures
  Jorgrun (D:12)
  A boulder beetle (D:11)
  A catoblepas (Lair:3)
  6 hydras
  A death yak (D:11)
  Erica (D:9)
  2 two-headed ogres
  Urug (D:11)
  A fire crab (shapeshifter) (D:12)
  A bog body (Lair:4)
  A wizard (D:12)
  A lindwurm (Lair:6)
  2 deep elf pyromancers (D:12)
  2 manticores
  2 cyclopes
  17 elephants
  Maurice (D:9)
  A torpor snail (Lair:6)
  A gargoyle (D:11)
  19 cane toads
  A black mamba (Lair:3)
  An unseen horror (D:12)
  A rime drake (Lair:3)
  A kobold demonologist (D:6)
  A queen bee (Lair:3)
  4 komodo dragons
  A polar bear (Lair:1)
  2 trolls
  3 tyrant leeches (Lair:6)
  12 slime creatures (D:12)
  Prince Ribbit (D:5)
  A hornet (D:9)
  30 blink frogs
  2 dream sheep (Lair:6)
  A shadow (D:11)
  A water elemental (D:11)
  4 wyverns
  A tarantella (shapeshifter) (D:11)
  5 wraiths
  55 yaks
  7 basilisks
  Grum (D:9)
  12 vampire mosquitoes
  3 swamp worms (Lair:4)
  The ghost of bande the Covered, an amateur GrFi (D:3)
  3 acid dragons (D:12)
  8 water moccasins
  3 orc warriors
  2 ice beasts (D:7)
  A black bear (Lair:4)
  3 ogres (D:5)
  14 wolves
  6 centaurs
  2 kobold brigands (D:8)
  A wyvern zombie (D:6)
  A gnoll sergeant (D:8)
  20 bullfrogs
  5 scorpions
  A water moccasin zombie (D:6)
  30 killer bees
  5 wights (D:7)
  7 electric eels
  2 bullfrog zombies
  2 hounds (D:6)
  3 quasits (D:3)
  5 centaur zombies
  A centaur skeleton (D:5)
  A jelly (D:6)
  2 orc priests
  Crazy Yiuf (D:6)
  2 gnoll shamans
  A scorpion zombie (D:4)
  3 iguanas
  6 orc wizards
  13 hell rats (Lair:4)
  5 hound zombies (D:4)
  A howler monkey zombie (D:4)
  15 gnolls
  A howler monkey skeleton (D:4)
  8 adders
  2 white imps
  3 adder zombies (D:4)
  An adder skeleton (D:4)
  8 dart slugs
  48 orcs
  10 endoplasms
  5 giant cockroaches
  9 goblins
  10 hobgoblins
  2 jackals (D:3)
  16 kobolds
  10 ball pythons
  12 bats
  2 frilled lizards
  7 rats
544 creatures vanquished.

Vanquished Creatures (others)
  28 fungi
  100 plants
  3 withered plants (D:4)
131 creatures vanquished.

Grand Total: 675 creatures vanquished

Notes
Turn   | Place    | Note
-------+----------+-------------------------------------------
     0 | D:1      | timneilson the Gargoyle Fighter began the quest for the
                  | Orb.
     0 | D:1      | Reached XP level 1. HP: 14/14 MP: 1/1
    37 | D:1      | Reached XP level 2. HP: 14/19 MP: 2/2
   266 | D:1      | Found a faded altar of an unknown god.
   467 | D:1      | Reached XP level 3. HP: 23/23 MP: 3/3
  1113 | D:2      | Reached skill level 1 in Invocations
  1145 | D:2      | Reached XP level 4. HP: 16/28 MP: 4/4
  1560 | D:2      | Noticed a scorpion
  1565 | D:2      | Killed a scorpion
  1566 | D:2      | Reached skill level 1 in Evocations
  1566 | D:2      | Reached XP level 5. HP: 26/33 MP: 4/6
  2053 | D:3      | Found a transporter.
  2093 | D:3      | Noticed bande's ghost (amateur GrFi)
  2605 | D:3      | Found an ornate altar of the Wu Jian Council.
  2672 | D:3      | Found a transporter.
  2845 | D:3      | Reached XP level 6. HP: 38/38 MP: 7/7
  2846 | D:3      | Found a sparkling altar of Nemelex Xobeh.
  3296 | D:4      | Reached XP level 7. HP: 42/43 MP: 8/8
  3309 | D:4      | Reached skill level 5 in Armour
  3309 | D:4      | Reached skill level 5 in Shields
  3497 | D:4      | Found an ancient bone altar of Kikubaaqudgha.
  3722 | D:5      | Entered Level 5 of the Dungeon
  4068 | D:5      | HP: 2/44 [ogre (21)]
  4071 | D:5      | Reached XP level 8. HP: 3/48 MP: 10/10
  4419 | D:5      | Noticed Prince Ribbit
  4431 | D:5      | Killed Prince Ribbit
  5066 | D:6      | Reached skill level 5 in Fighting
  5073 | D:6      | Found a broken altar of Ashenzari.
  5247 | D:6      | Found a runed translucent door.
  5248 | D:6      | Noticed Crazy Yiuf
  5262 | D:6      | Killed Crazy Yiuf
  5619 | D:6      | Noticed a manticore
  5645 | D:6      | Killed a manticore
  5646 | D:6      | Reached skill level 5 in Long Blades
  5646 | D:6      | Reached XP level 9. HP: 38/54 MP: 10/12
  5651 | D:6      | Found a staircase to the Ecumenical Temple.
  5653 | D:6      | Noticed a kobold demonologist
  5666 | D:6      | Killed a kobold demonologist
  5680 | Temple   | Entered the Ecumenical Temple
  5978 | Temple   | Became a worshipper of Warmaster Okawaru
  6104 | D:7      | Found Yschu's Gadget Gallery.
  6808 | D:7      | Found a hide-covered altar of Uskayaw.
  6901 | D:7      | Reached * piety under Okawaru
  7394 | D:8      | Reached XP level 10. HP: 28/60 MP: 13/13
  7406 | D:8      | Reached skill level 5 in Invocations
  7445 | D:8      | Reached ** piety under Okawaru
  8917 | D:3      | Killed bande's ghost
  9088 | D:9      | Found Ruih's Antique Weapon Shoppe.
  9143 | D:9      | Reached *** piety under Okawaru
  9237 | D:9      | Found a bloodstained altar of Trog.
  9283 | D:9      | Found a blossoming altar of Fedhas.
  9340 | D:9      | Noticed a two-headed ogre
  9348 | D:9      | Killed a two-headed ogre
  9651 | D:9      | Noticed Maurice
  9669 | D:9      | Killed Maurice
  9885 | D:9      | Reached XP level 11. HP: 66/66 MP: 15/15
  9971 | D:9      | Noticed Grum
  9978 | D:9      | Killed Grum
 10406 | D:9      | Noticed Erica
 10415 | D:9      | Killed Erica
 10415 | D:9      | Reached **** piety under Okawaru
 10416 | D:9      | Reached skill level 5 in Evocations
 10623 | D:10     | Entered Level 10 of the Dungeon
 10972 | D:10     | Noticed an obsidian statue
 11276 | D:11     | Found a staircase to the Lair.
 11276 | D:11     | Noticed a death yak
 11306 | D:11     | Noticed Urug
 11827 | D:11     | Noticed a cyclops
 11832 | D:11     | Killed a cyclops
 11874 | D:11     | Noticed a boulder beetle
 11894 | D:11     | Reached skill level 10 in Armour
 11909 | D:11     | Killed a boulder beetle
 11909 | D:11     | Reached ***** piety under Okawaru
 11910 | D:11     | Reached skill level 10 in Shields
 12437 | D:11     | Killed a death yak
 12697 | D:11     | Reached XP level 12. HP: 73/73 MP: 15/17
 12953 | D:11     | Killed Urug
 13104 | Lair:1   | Entered Level 1 of the Lair of Beasts
 14121 | Lair:1   | Received a gift from Okawaru
 14411 | Lair:2   | Found an iron altar of Okawaru.
 14431 | Lair:2   | Found a staircase to the Snake Pit.
 14592 | Lair:2   | Noticed a seven-headed hydra
 14601 | Lair:2   | Killed a two-headed hydra
 15419 | Lair:2   | Noticed a four-headed hydra
 15428 | Lair:2   | Killed a one-headed hydra
 15706 | Lair:3   | Noticed a catoblepas
 15721 | Lair:3   | Killed a catoblepas
 16028 | Lair:3   | Noticed a four-headed hydra
 16049 | Lair:3   | Killed a one-headed hydra
 16091 | Lair:3   | Reached XP level 13. HP: 56/79 MP: 18/18
 17009 | Lair:3   | Identified a scroll of acquirement
 17009 | Lair:3   | Acquired the ring "Orocupy Vovi" {rN+ Str+3}
 17197 | Lair:3   | Reached ****** piety under Okawaru
 17205 | Lair:3   | Identified the +9 double sword of the Leaping Seer {venom,
                  | Fly rElec Int+2} (Okawaru gifted it to you on level 3 of
                  | the Lair of Beasts)
 17205 | Lair:3   | Received a gift from Okawaru
 17762 | Lair:4   | Reached skill level 10 in Long Blades
 17951 | Lair:4   | Found a blossoming altar of Fedhas.
 18411 | Lair:4   | Found a staircase to the Swamp.
 19022 | Lair:5   | Received a gift from Okawaru
 19265 | Lair:5   | You are sucked into a shaft and drop 1 floor!
 19265 | Lair:6   | Entered Level 6 of the Lair of Beasts
 19472 | Lair:6   | Received a gift from Okawaru
 19582 | Lair:6   | Gained mutation: Your large and strong wings let you fly.
                  | [Gargoyle growth]
 19582 | Lair:6   | Reached XP level 14. HP: 37/86 MP: 20/20
 20428 | Lair:5   | Found a staircase to the Slime Pits.
 20428 | Lair:5   | Found a viscous altar of Jiyva.
 21204 | Lair:6   | Received a gift from Okawaru
 21788 | Lair:6   | Reached skill level 10 in Fighting
 22056 | Lair:6   | Found the +27 Lear's hauberk
 22325 | Lair:6   | Acquired 813 gold pieces
 22534 | D:12     | Identified the +6 scale mail "Aviufed" {rPois rC+} (Okawaru
                  | gifted it to you on level 12 of the Dungeon)
 22534 | D:12     | Received a gift from Okawaru
 23153 | D:12     | Noticed Jorgrun
 23169 | D:12     | Killed Jorgrun
 23267 | D:12     | Reached XP level 15. HP: 70/92 MP: 14/22
 23289 | D:12     | Killed from afar by a crystal guardian

Illustrated notes

Levels and vault maps discovered:
D:1:      wander_arrival_fairy_ring, layout_loops_ring,
          dilly_ecumenical_altar_fadedgnrine
D:2:      layout_loops_ring, kennysheep_cluttered_room
D:3:      layout_loops_ring, nemelex_dance_club_becter,
          nicolae_wu_jian_immortal_techniques, gammafunk_ghost_stat_death,
          serial_glass, glass_columns_a, glass_columns_a, feat_on_display,
          item_on_display_a, roderic_batcave
D:4:      layout_rooms, nicolae_overflow_crystal_walls, serial_undead,
          serial_undead_f, serial_undead_d, serial_undead_b, serial_undead_b,
          serial_undead_a, serial_undead_b, serial_undead_a
D:5:      layout_loops_ring, solitary_fountain, kennysheep_small_square,
          uniq_prince_ribbit1
D:6:      layout_basic, nicolae_ashenzari_skybound,
          minmay_temple_entry_stoned_glass, uniq_crazy_yiuf_cottage
D:7:      layout_loops_ring, nicolae_uskayaw_murder_on_the_dancefloor,
          nicolae_shop_gadgets
D:8:      layout_basic, serial_corexii_hall, corexii_hall_statues_l,
          corexii_hall_statues_l
D:9:      layout_roguey [special_room_orc], mainiacjoe_overflow_tiny_flanked,
          lemuel_doored_altar, serial_shops, nicolae_shop_behind_doors,
          minivault_25_ag, kennysheep_small_spiral, uniq_erica, uniq_maurice,
          uniq_grum
D:10:     layout_cave_pools, minivault_16
D:11:     layout_basic, david_lair_generic, uniq_urug
D:12:     nzn_winding_woodlands_small [nzn_winding_woodlands_5x15_concentric,
          nzn_winding_woodlands_center_lodge,
          nzn_winding_woodlands_5x15_jagged], layout_rooms, hiddenorc1_lemuel,
          serial_shops, nicolae_shop_statue_plus, uniq_jorgrun
Temple:   regret_index_temple_generic_petals
Lair:1:   layout_concentric_octagons, chequers_serial_rivers_large_a
Lair:2:   layout_gridlike, dummy_snake_entry, lemuel_altar_in_water2,
          lemuel_old_faithful, grunt_megastairs_2
Lair:3:   layout_cave_shapes, special_room [special_room_bee],
          wad_woods_river_01
Lair:4:   layout_regular_city, nicolae_swamp_entry_splash_gauntlet,
          st_stairs_10, tgw_fedhas, grunt_megastairs_5
Lair:5:   layout_cave_pods, slime_altar_1, lemuel_fruit_tree
Lair:6:   minmay_lair_end_frog_pond, layout_cave_pods

Skill      XL: |  1  2  3  4  5  6  7  8  9 10 11 12 13 14 |
---------------+-------------------------------------------+-----
Long Blades    | 2 3 4 5 6 7 8 9 10 11 | 11.5
Invocations    | 1 2 4 5 6 7 8 9 |  9.6
Armour         | 4 5 6 7 9 10 11 12 13 | 13.6
Shields        | 4 5 6 7 9 10 11 12 13 | 13.5
Evocations     | 1 2 3 4 5 6 7 8 |  8.1
Fighting       | 4 5 6 7 8 9 10 | 10.3

Action                   |  1- 3 |  4- 6 |  7- 9 | 10-12 | 13-15 || total
-------------------------+-------+-------+-------+-------+-------++-------
Melee: Long sword        |    95 |   187 |   283 |   138 |       ||   703
       Scimitar          |       |       |       |   642 |   197 ||   839
       Double sword      |       |       |       |       |   649 ||   649
Invok: Heroism           |       |       |       |    11 |    11 ||    22
       Finesse           |       |       |       |       |     3 ||     3
  Use: Scroll            |     2 |     4 |     7 |     7 |     6 ||    26
       Potion            |       |       |     3 |     2 |     7 ||    12
Armor: Scale mail        |    51 |   126 |    24 |       |       ||   201
       Chain mail        |       |       |   141 |   265 |   144 ||   550
       Skin              |       |       |     1 |       |       ||     1
       Plate armour      |       |       |       |   153 |   468 ||   621
Dodge: Dodged            |    46 |    95 |   128 |   284 |   257 ||   810
Block: Buckler           |    18 |    64 |    96 |   152 |       ||   330
       Tower shield      |       |       |       |   303 |   936 ||  1239
       Reflection        |       |       |       |       |     4 ||     4

Table legend: (Time is in decaauts)
 A = Elapsed time spent in this place.
 B = Non-inter-level travel time spent in this place.
 C = Inter-level travel time spent in this place.
 D = Time resting spent in this place.
 E = Time spent auto-exploring this place.
 F = Levels seen in this place.
 G = Mean time per level.
                   A        B        C        D        E       F      G
               +--------+--------+--------+--------+--------+-----+--------+
         Total |  23614 |  22746 |    868 |   1796 |  16028 |  19 | 1242.8 |
       Dungeon |  13717 |  13085 |    632 |   1254 |   8851 |  12 | 1143.1 |
        Temple |    358 |    324 |     34 |      0 |    307 |   1 |  358.0 |
          Lair |   9538 |   9337 |    201 |    542 |   6870 |   6 | 1589.7 |
               +--------+--------+--------+--------+--------+-----+--------+

Top non-repeatable levels by time:
  Lair:6: 1966 daAuts
     D:9: 1740 daAuts
  Lair:5: 1723 daAuts
  Lair:3: 1714 daAuts
    D:11: 1574 daAuts
  Lair:2: 1435 daAuts
  Lair:4: 1425 daAuts
     D:5: 1327 daAuts
     D:8: 1309 daAuts
  Lair:1: 1273 daAuts
    D:10: 1230 daAuts
     D:2: 1228 daAuts
     D:7: 1109 daAuts
     D:3: 1049 daAuts
     D:6: 947 daAuts
